 Dungeon Crawl Stone Soup version 0.19.0-20-gbc5f0c6 (webtiles) character file.

58 equalderp2856 the Scratcher (level 3, -1/17 HPs)
             Began as a Felid Fighter on Nov 18, 2016.
             Slain by Purgy (3 damage)
             ... on level 3 of the Dungeon.
             The game lasted 00:07:42 (3122 turns).

equalderp2856 the Scratcher (Felid Fighter)         Turns: 3122, Time: 00:07:43

Health: -1/17      AC:  1    Str: 13    XL:     3   Next: 75%
Magic:  4/4        EV: 20    Int: 14    God:
Gold:   114        SH:  0    Dex: 15    Spells: 0 memorised, 2 levels left
                                        Lives:  0   Deaths: 1

rFire  . . .     SeeInvis +       - Unarmed
rCold  . . .     Gourm    .     (armour unavailable)
rNeg   . . .     Faith    .     (shield unavailable)
rPois  .         Spirit   .     (helmet unavailable)
rElec  .         Reflect  .     (cloak unavailable)
rCorr  .         Harm     .     (gloves unavailable)
MR     .....                    (boots unavailable)
Stlth  +++.......               (no amulet)
                                (no ring)
                                (no ring)

@: brilliant, quick
A: no armour, no weapons or thrown items, stealth, claws 1, fangs 3, see
invisible, carnivore 3, speed 1, shaggy fur 1, slow metabolism 1, sharp paws
a: no special abilities


You were on level 3 of the Dungeon.
You were not hungry.

You visited 1 branch of the dungeon, and saw 4 of its levels.

You collected 114 gold pieces.

Inventory:

Scrolls
 c - 2 scrolls of blinking {unknown}
 d - 2 scrolls of remove curse {unknown}
 f - 5 scrolls of identify {unknown}
 g - a scroll of fog {unknown}
 k - a scroll of enchant weapon {unknown}
 l - 2 scrolls of recharging {unknown}
 m - a scroll of amnesia {unknown}
Potions
 a - a potion of might
 h - a potion of flight {unknown}
 i - a potion of lignification {unknown}
Comestibles
 b - 3 meat rations
 j - 2 slices of pizza


   Skills:
 + Level 3.4 Fighting
 + Level 4.9 Dodging
 + Level 2.4 Stealth
 + Level 5.1 Unarmed Combat


You had 2 spell levels left.
You didn't know any spells.

Dungeon Overview and Level Annotations

Branches:
Dungeon (4/15)
 Temple: D:4-7

Altars:
Ashenzari

Annotations:
D:3 Purgy


Innate Abilities, Weirdness & Mutations

You cannot wear armour.
You are incapable of wielding weapons or throwing items.
Your paws allow you to move quietly. (Stealth)
You have sharp claws.
You have razor-sharp teeth.
You have supernaturally acute eyesight. (SInv)
You are carnivorous and can eat meat at any time.
You cover ground quickly.
You are covered in fur. (AC +1)
You have a slow metabolism.
Your sharp claws are effective at attacking unaware monsters.


Message History

You scratch Purgy but do no damage.
Purgy is moderately wounded.
Purgy bites you. Purgy barely misses you. Purgy completely misses you.
You scratch Purgy. You bite Purgy, but do no damage.
Purgy is moderately wounded.
Purgy closely misses you. x3
You closely miss Purgy. You bite Purgy.
Purgy is heavily wounded.
Purgy closely misses you. Purgy claws you.
* * * LOW HITPOINT WARNING * * *
Purgy misses you.
You barely miss Purgy.
Purgy is moderately wounded.
Purgy bites you.
* * * LOW HITPOINT WARNING * * *
Purgy closely misses you. Purgy barely misses you.
It was a potion of brilliance.
You feel clever all of a sudden. Purgy bites you.
You die...

#####..........# #.
$.......>.......# #.#
#########.###...# #.#
#..###...# #.#
#......#.. #.#
#...#...## #.#
#T#...#...
#.############†.#####..
##.....@T.†......# #.#
#...#####........# #..
#.#.# #.#####.## #.#
#.#.# ##.## #.# #.#
#.#.# ##...# #.# #.#
#.#.# #....# #.# #..
#.#.##.#...## #.######.#
#.#.#.##..#.# #.##......
#.#.##.....####.##.###.#


You could see Purgy.

Vanquished Creatures
  A jelly (D:4)
  An adder (D:3)
  3 gnolls
  2 worms
  2 leopard geckos
  10 bats
  5 giant cockroaches
  2 goblins (D:2)
  4 hobgoblins
  2 jackals (D:2)
  4 kobolds
  6 frilled lizards
  7 rats
49 creatures vanquished.

Notes
Turn   | Place    | Note
-------+----------+-------------------------------------------
     0 | D:1      | equalderp2856 the Felid Fighter began the quest for the Orb.
     0 | D:1      | Reached XP level 1. HP: 10/10 MP: 2/2
   677 | D:1      | Reached XP level 2. HP: 14/14 MP: 3/3
  1260 | D:2      | Found a shattered altar of Ashenzari.
  1349 | D:1      | Reached skill level 1 in Stealth
  1349 | D:1      | Reached XP level 3. HP: 13/17 MP: 4/4
  1949 | D:2      | Reached XP level 4. HP: 14/21 MP: 5/5
  2147 | D:3      | Noticed Purgy
  2311 | D:4      | Reached skill level 5 in Unarmed Combat
  3102 | D:3      | HP: 1/21 [Purgy (1)]
  3102 | D:3      | Slain by Purgy
  3103 | D:3      | Reached XP level 3. HP: 0/17 MP: 4/4
  3122 | D:3      | Slain by Purgy

Skill      XL: |  1  2  3  4 |
---------------+-------------+-----
Stealth        | 1 2 |  2.4
Unarmed Combat | 5 |  5.1
Fighting       | |  3.4
Dodging        | |  4.9

Action                   |  1- 3 |  4- 6 || total
-------------------------+-------+-------++-------
Melee: Unarmed           |    96 |    28 ||   124
       Punch             |     2 |       ||     2
       Bite              |    10 |       ||    10
  Use: Potion            |     1 |       ||     1
 Stab: Sleeping          |     4 |     1 ||     5
  Eat: Chunk             |     3 |     6 ||     9
Armor: Skin              |     9 |       ||     9
Dodge: Dodged            |   107 |    21 ||   128
